| TOP OF THE 1ST |
|
Covington Blue Sox batting - Pitching for Kingsport Cherokees : LHP Rubio Malone
|
|
Pitching: LHP Rubio Malone
|
|
|
Batting: RHB Douglas Palmer
|
0-0: Ball 1-0: Fly out, F8 (Line Drive, 8RM, EV 89.4 MPH)
|
|
Batting: RHB Kenneth Bodle
|
0-0: Ball 1-0: Fly out, F8 (Flyball, 8LXD, EV 106.3 MPH)
|
|
Batting: LHB Tito Nanni
|
0-0: SINGLE (Flyball, 8LS, EV 92.5 MPH)
|
|
Batting: RHB Francisco Batista
|
0-0: Ball Tito Nanni steals 2nd base (no throw) 1-0: Called Strike 1-1: Ground out 4-3 (Groundball, 4, EV 90.6 MPH)
|
| Top of the 1st over - 0 runs, 1 hit, 0 errors, 1 left on base; Covington 0 - Kingsport 0 |
| BOTTOM OF THE 1ST |
|
Kingsport Cherokees batting - Pitching for Covington Blue Sox : LHP Edward Rech
|
|
Pitching: LHP Edward Rech
|
|
|
Batting: SHB Renard Brown
|
0-0: Ball 1-0: Foul Ball, location: 2F 1-1: Swinging Strike 1-2: Ball 2-2: Ball 3-2: Foul Ball, location: 2F 3-2: Base on Balls
|
|
Batting: SHB Dewey James
|
0-0: Called Strike 0-1: Ball 1-1: Ball 2-1: Foul Ball, location: 2F 2-2: Fielders Choice at 2nd, 6-4 (Groundball, 56, EV 103.1 MPH)
|
|
Batting: LHB Peter Camelo
|
0-0: Called Strike 0-1: Ball 1-1: Ball 2-1: Ball 3-1: SINGLE (Line Drive, 7S, EV 105.0 MPH) Dewey James to second
|
|
Batting: RHB Phillip Collins
|
0-0: Ground out 5-3 (Groundball, 56S, EV 70.0 MPH) Dewey James to third Peter Camelo to second
|
|
Batting: RHB Thomas Mohl
|
0-0: Ball 1-0: Foul Ball, location: 2F 1-1: Ball 2-1: Foul Ball, location: 2F 2-2: Fly out, F8 (Line Drive, 8LM, EV 97.5 MPH)
|
| Bottom of the 1st over - 0 runs, 1 hit, 0 errors, 2 left on base; Covington 0 - Kingsport 0 |
| TOP OF THE 2ND |
|
Covington Blue Sox batting - Pitching for Kingsport Cherokees : LHP Rubio Malone
|
|
Batting: RHB Reginald Dewar
|
0-0: Called Strike 0-1: Ball 1-1: Foul Ball, location: 2F 1-2: Ball 2-2: Foul Ball, location: 2F 2-2: SINGLE (Line Drive, 9S, EV 105.6 MPH)
|
|
Batting: RHB William Hoff
|
0-0: Ball 1-0: Foul Ball, location: 2F 1-1: SINGLE (Groundball, 6MD, EV 103.1 MPH) Reginald Dewar to second
|
|
Batting: RHB Ronn Reynolds
|
0-0: SINGLE (Line Drive, 6D, EV 96.3 MPH) Reginald Dewar to third William Hoff to second
|
|
Batting: RHB Miguel Ortiz
|
0-0: Called Strike 0-1: Ball 1-1: Fly out, F9 (Flyball, 9, EV 88.8 MPH)
|
|
Batting: SHB Sam Haro
|
0-0: Ball 1-0: Foul Ball, location: 2F 1-1: Ball 2-1: DOUBLE (Line Drive, 9LD, EV 101.9 MPH) Reginald Dewar scores William Hoff scores Ronn Reynolds to third Runner from 3rd tries for Home, SAFE, no throw by RF
|
|
Batting: RHB Douglas Palmer
|
0-0: Foul Ball, location: 2F 0-1: Called Strike 0-2: Ball 1-2: Ball 2-2: Ball 3-2: Foul Ball, location: 2F 3-2: Fly out, F7 (Flyball, 7LD, EV 90.6 MPH) Runner from 2nd tags up, SAFE at 3rd with throw by LF
|
|
Batting: RHB Kenneth Bodle
|
0-0: Called Strike Steal of home, Sam Haro is out
|
| Top of the 2nd over - 3 runs, 4 hits, 0 errors, 0 left on base; Covington 3 - Kingsport 0 |
| BOTTOM OF THE 2ND |
|
Kingsport Cherokees batting - Pitching for Covington Blue Sox : LHP Edward Rech
|
|
Batting: RHB David Rooker
|
0-0: Swinging Strike 0-1: Swinging Strike 0-2: Ball 1-2: Strikes out swinging
|
|
Batting: RHB Juan Castillo
|
0-0: Foul Ball, location: 2F 0-1: Ball 1-1: Ball 2-1: Fly out, F9 (Flyball, 9LS, EV 86.3 MPH)
|
|
Batting: RHB Kenneth Grant
|
0-0: Called Strike 0-1: Called Strike 0-2: Ball 1-2: Strikes out swinging
|
| Bottom of the 2nd over - 0 runs, 0 hits, 0 errors, 0 left on base; Covington 3 - Kingsport 0 |
| TOP OF THE 3RD |
|
Covington Blue Sox batting - Pitching for Kingsport Cherokees : LHP Rubio Malone
|
|
Batting: RHB Kenneth Bodle
|
0-0: Ball 1-0: Ball 2-0: Called Strike 2-1: Called Strike 2-2: Foul Ball, location: 2F 2-2: Ball 3-2: Fly out, F6 (Line Drive, 6, EV 65.6 MPH)
|
|
Batting: LHB Tito Nanni
|
0-0: Ball 1-0: Ball 2-0: Ball 3-0: Base on Balls
|
|
Batting: RHB Francisco Batista
|
0-0: Ball 1-0: Ball 2-0: Ball 3-0: Called Strike 3-1: Grounds out, U3 (Groundball, 3L, EV 83.1 MPH)
|
|
Batting: RHB Reginald Dewar
|
0-0: SINGLE (Groundball, 6, EV 96.3 MPH) Tito Nanni to third Runner from 3rd tries for Home, SAFE, throw by LF to home
|
|
Batting: RHB William Hoff
|
0-0: Ball 1-0: SINGLE (Line Drive, 34, EV 97.5 MPH) Reginald Dewar to second Runner from 2nd tries for 3rd, SAFE, throw by RF made to third
|
|
Batting: RHB Ronn Reynolds
|
0-0: Ball 1-0: Ball 2-0: Called Strike 2-1: 3-RUN HOME RUN (Flyball, 7D, EV 94.4 MPH), Distance : 372 ft
|
|
Pitching: RHP Ron Richardson
|
|
|
Batting: RHB Miguel Ortiz
|
0-0: SINGLE (Line Drive, 8RS, EV 88.8 MPH)
|
|
Batting: SHB Sam Haro
|
0-0: Ball 1-0: Foul Ball, location: 2F 1-1: Ball 2-1: Fielders Choice at 2nd, 6-4 (Groundball, 6, EV 85.0 MPH)
|
| Top of the 3rd over - 4 runs, 4 hits, 0 errors, 1 left on base; Covington 7 - Kingsport 0 |
| BOTTOM OF THE 3RD |
|
Kingsport Cherokees batting - Pitching for Covington Blue Sox : LHP Edward Rech
|
|
Batting: RHB Jose Sanchez
|
0-0: Ground out 4-3 (Groundball, 4M, EV 105.0 MPH)
|
|
Batting: SHB Renard Brown
|
0-0: Ball 1-0: SINGLE (Groundball, 56D, EV 97.5 MPH)
|
|
Batting: SHB Dewey James
|
0-0: Ball 1-0: SINGLE (Groundball, 6MD, EV 101.3 MPH) Renard Brown to second
|
|
Batting: LHB Peter Camelo
|
0-0: Ball Renard Brown steals 3rd base 1-0: Ball Dewey James is caught stealing 2nd base 2-6 2-0: Foul Ball, location: 2F 2-1: Ball 3-1: Foul Ball, location: 2F 3-2: Ground out 6-3 (Groundball, 6, EV 78.8 MPH)
|
| Bottom of the 3rd over - 0 runs, 2 hits, 0 errors, 1 left on base; Covington 7 - Kingsport 0 |
| TOP OF THE 4TH |
|
Covington Blue Sox batting - Pitching for Kingsport Cherokees : RHP Ron Richardson
|
|
Batting: RHB Douglas Palmer
|
0-0: Called Strike 0-1: Ball 1-1: Foul Ball, location: 2F 1-2: Ball 2-2: Ball 3-2: Ground out 5-3 (Groundball, 56S, EV 73.1 MPH)
|
|
Batting: RHB Kenneth Bodle
|
0-0: Swinging Strike 0-1: Called Strike 0-2: Foul Ball, location: 2F 0-2: Ball 1-2: Strikes out looking
|
|
Batting: LHB Tito Nanni
|
0-0: Ball 1-0: Ground out 4-3 (Groundball, 4, EV 103.8 MPH)
|
| Top of the 4th over - 0 runs, 0 hits, 0 errors, 0 left on base; Covington 7 - Kingsport 0 |
| BOTTOM OF THE 4TH |
|
Kingsport Cherokees batting - Pitching for Covington Blue Sox : LHP Edward Rech
|
|
Batting: RHB Phillip Collins
|
0-0: Fly out, F1 (Line Drive, P, EV 68.8 MPH)
|
|
Batting: RHB Thomas Mohl
|
0-0: Called Strike 0-1: Ball 1-1: Foul Ball, location: 2F 1-2: Strikes out swinging
|
|
Batting: RHB David Rooker
|
0-0: Ground out 4-3 (Groundball, 4, EV 88.1 MPH)
|
| Bottom of the 4th over - 0 runs, 0 hits, 0 errors, 0 left on base; Covington 7 - Kingsport 0 |
| TOP OF THE 5TH |
|
Covington Blue Sox batting - Pitching for Kingsport Cherokees : RHP Ron Richardson
|
|
Batting: RHB Francisco Batista
|
0-0: Ground out 6-3 (Groundball, 6, EV 87.5 MPH)
|
|
Batting: RHB Reginald Dewar
|
0-0: Fly out, F9 (Flyball, 9LD, EV 87.5 MPH)
|
|
Batting: RHB William Hoff
|
0-0: Swinging Strike 0-1: Ball 1-1: Foul Ball, location: 2F 1-2: SINGLE (Line Drive, 9S, EV 90.6 MPH)
|
|
Batting: RHB Ronn Reynolds
|
0-0: Ball 1-0: Fielders Choice at 2nd, 6-4 (Groundball, 6, EV 111.3 MPH)
|
| Top of the 5th over - 0 runs, 1 hit, 0 errors, 1 left on base; Covington 7 - Kingsport 0 |
| BOTTOM OF THE 5TH |
|
Kingsport Cherokees batting - Pitching for Covington Blue Sox : LHP Edward Rech
|
|
Batting: RHB Juan Castillo
|
0-0: SINGLE (Groundball, 4MD, EV 103.1 MPH)
|
|
Batting: RHB Kenneth Grant
|
0-0: Called Strike 0-1: Swinging Strike 0-2: Strikes out looking
|
|
Batting: RHB Jose Sanchez
|
0-0: Ball Juan Castillo steals 2nd base (no throw) 1-0: Foul Ball, location: 2F 1-1: Fly out, F9 (Flyball, 9S, EV 91.9 MPH)
|
|
Batting: SHB Renard Brown
|
0-0: Foul Ball, location: 2F 0-1: Foul Ball, location: 2F 0-2: Ball 1-2: Ground out 6-3 (Groundball, 6, EV 78.1 MPH)
|
| Bottom of the 5th over - 0 runs, 1 hit, 0 errors, 1 left on base; Covington 7 - Kingsport 0 |
| TOP OF THE 6TH |
|
Covington Blue Sox batting - Pitching for Kingsport Cherokees : RHP Ron Richardson
|
|
Batting: RHB Miguel Ortiz
|
0-0: Called Strike 0-1: Foul Ball, location: 2F 0-2: Strikes out swinging
|
|
Batting: SHB Sam Haro
|
0-0: Foul Ball, location: 2F 0-1: Ball 1-1: Called Strike 1-2: Fly out, F4 (Flyball, 4MD, EV 83.1 MPH)
|
|
Batting: RHB Douglas Palmer
|
0-0: Foul Ball, location: 2F 0-1: Called Strike 0-2: Ball 1-2: Ball 2-2: Ball 3-2: SINGLE (Line Drive, 9LS, EV 88.8 MPH)
|
|
Batting: RHB Kenneth Bodle
|
0-0: Called Strike 0-1: Ball 1-1: Swinging Strike 1-2: SINGLE (Groundball, P, EV 80.6 MPH) (infield hit) Douglas Palmer to second
|
|
Batting: LHB Tito Nanni
|
0-0: Ball 1-0: Swinging Strike 1-1: Ball 2-1: Swinging Strike 2-2: Strikes out swinging
|
| Top of the 6th over - 0 runs, 2 hits, 0 errors, 2 left on base; Covington 7 - Kingsport 0 |
| BOTTOM OF THE 6TH |
|
Kingsport Cherokees batting - Pitching for Covington Blue Sox : LHP Edward Rech
|
|
Batting: SHB Dewey James
|
0-0: Swinging Strike 0-1: Called Strike 0-2: Ball 1-2: SINGLE (Groundball, 6MD, EV 96.3 MPH)
|
|
Batting: LHB Peter Camelo
|
0-0: Foul Ball, location: 2F 0-1: Ball 1-1: SINGLE (Groundball, 34D, EV 95.6 MPH) Dewey James to second
|
|
Batting: RHB Phillip Collins
|
0-0: Ball 1-0: Ball 2-0: Called Strike 2-1: Called Strike 2-2: SINGLE (Flyball, 6MD, EV 92.5 MPH) Dewey James to third Peter Camelo to second
|
|
Batting: RHB Thomas Mohl
|
0-0: Foul Ball, location: 2F 0-1: Fly out, F9 (Flyball, 89XD, EV 86.9 MPH) Runner from 3rd tags up, SCORES, no throw by RF
|
|
Batting: RHB David Rooker
|
0-0: Ball 1-0: Fielders Choice at 2nd, 6-4 (Groundball, 6, EV 91.9 MPH) Peter Camelo to third
|
|
Batting: RHB Juan Castillo
|
0-0: Called Strike 0-1: Swinging Strike 0-2: Ball 1-2: Strikes out swinging
|
| Bottom of the 6th over - 1 run, 3 hits, 0 errors, 2 left on base; Covington 7 - Kingsport 1 |
| TOP OF THE 7TH |
|
Covington Blue Sox batting - Pitching for Kingsport Cherokees : RHP Ron Richardson
|
|
Batting: RHB Francisco Batista
|
0-0: Ball 1-0: Fly out, F8 (Flyball, 8RM, EV 90.0 MPH)
|
|
Batting: RHB Reginald Dewar
|
0-0: Foul Ball, location: 2F 0-1: Ball 1-1: Ground out 1-3 (Groundball, 13S, EV 69.4 MPH)
|
|
Batting: RHB William Hoff
|
0-0: Foul Ball, location: 2F 0-1: Ball 1-1: Called Strike 1-2: Foul Ball, location: 2F 1-2: SINGLE (Groundball, 56D, EV 80.0 MPH) (infield hit)
|
|
Batting: RHB Ronn Reynolds
|
0-0: Ball 1-0: Foul Ball, location: 2F 1-1: Swinging Strike 1-2: Foul Ball, location: 2F 1-2: Ball 2-2: Strikes out swinging
|
| Top of the 7th over - 0 runs, 1 hit, 0 errors, 1 left on base; Covington 7 - Kingsport 1 |
| BOTTOM OF THE 7TH |
|
Kingsport Cherokees batting - Pitching for Covington Blue Sox : LHP Edward Rech
|
|
Batting: RHB Kenneth Grant
|
0-0: Swinging Strike 0-1: Ball 1-1: Foul Ball, location: 2F 1-2: Ground out 4-3 (Groundball, 34D, EV 104.4 MPH)
|
|
Batting: RHB Jose Sanchez
|
0-0: Foul Ball, location: 2F 0-1: Ground out U3 (Groundball, 34S, EV 79.4 MPH)
|
|
Batting: SHB Renard Brown
|
0-0: Ball 1-0: Ball 2-0: Ground out U3 (Groundball, 34S, EV 83.8 MPH)
|
| Bottom of the 7th over - 0 runs, 0 hits, 0 errors, 0 left on base; Covington 7 - Kingsport 1 |
| TOP OF THE 8TH |
|
Covington Blue Sox batting - Pitching for Kingsport Cherokees : RHP Ron Richardson
|
|
Batting: RHB Miguel Ortiz
|
0-0: Called Strike 0-1: Ball 1-1: Called Strike 1-2: Fly out, F8 (Flyball, 8LS, EV 86.9 MPH)
|
|
Batting: SHB Sam Haro
|
0-0: Called Strike 0-1: Foul Ball, location: 2F 0-2: Ground out 5-3 (Groundball, 56, EV 85.6 MPH)
|
|
Batting: RHB Douglas Palmer
|
0-0: Foul Ball, location: 2F 0-1: Foul Ball, location: 2F 0-2: Ball 1-2: Ball 2-2: Ball 3-2: Base on Balls
|
|
Batting: RHB Kenneth Bodle
|
0-0: Ball Douglas Palmer steals 2nd base (no throw) 1-0: Ball 2-0: Called Strike 2-1: Ball 3-1: Swinging Strike 3-2: 2-RUN HOME RUN (Flyball, 7LD, EV 102.5 MPH), Distance : 363 ft
|
|
Batting: LHB Tito Nanni
|
0-0: Called Strike 0-1: SINGLE (Groundball, 4M, EV 89.4 MPH) (infield hit)
|
|
Batting: RHB Francisco Batista
|
0-0: Ball 1-0: Called Strike 1-1: Ball 2-1: Foul Ball, location: 2F 2-2: SINGLE (Line Drive, 8LS, EV 105.6 MPH) Tito Nanni to second
|
|
Pitching: RHP Xavier Rivera
|
|
|
Batting: RHB Reginald Dewar
|
0-0: Ball 1-0: Ball 2-0: Called Strike 2-1: Ball 3-1: Foul Ball, location: 2F 3-2: Foul Ball, location: 2F 3-2: Ground out 6-3 (Groundball, 6, EV 80.0 MPH)
|
| Top of the 8th over - 2 runs, 3 hits, 0 errors, 2 left on base; Covington 9 - Kingsport 1 |
| BOTTOM OF THE 8TH |
|
Kingsport Cherokees batting - Pitching for Covington Blue Sox : LHP Edward Rech
|
|
Pinch Hitting: SHB Ramon Clases
|
0-0: Swinging Strike 0-1: Ground out 5-3 (Groundball, 56, EV 81.3 MPH)
|
|
Pinch Hitting: RHB Gerardo Amador
|
0-0: Ground out 4-3 (Groundball, 4, EV 83.8 MPH)
|
|
Batting: RHB Phillip Collins
|
0-0: Ball 1-0: Ball 2-0: Called Strike 2-1: Fly out, F7 (Flyball, 7S, EV 73.1 MPH)
|
| Bottom of the 8th over - 0 runs, 0 hits, 0 errors, 0 left on base; Covington 9 - Kingsport 1 |
| TOP OF THE 9TH |
|
Covington Blue Sox batting - Pitching for Kingsport Cherokees : RHP Xavier Rivera
|
|
Now at 1B: Thomas Haggerty
|
|
|
Now in CF: Ramon Clases
|
|
|
Batting: RHB William Hoff
|
0-0: Ball 1-0: Ball 2-0: Called Strike 2-1: TRIPLE (Flyball, 9LD, EV 101.9 MPH)
|
|
Pinch Hitting: RHB Angel Diaz
|
0-0: Called Strike 0-1: Ground out 6-3 (Groundball, 6, EV 96.9 MPH) William Hoff scores
|
|
Batting: RHB Miguel Ortiz
|
0-0: SINGLE (Line Drive, 89S, EV 98.8 MPH)
|
|
Batting: SHB Sam Haro
|
0-0: Ball 1-0: Ball 2-0: Ground out 4-3 (Groundball, 4S, EV 61.9 MPH) Miguel Ortiz to second
|
|
Pinch Hitting: RHB Pride Evans
|
0-0: SINGLE (Line Drive, 7S, EV 85.6 MPH) Miguel Ortiz to third Runner from 3rd tries for Home, SAFE, throw by LF to home
|
|
Batting: RHB Kenneth Bodle
|
0-0: Called Strike 0-1: Ball 1-1: Fielders Choice at 2nd, 6-4 (Groundball, 6, EV 93.1 MPH)
|
| Top of the 9th over - 2 runs, 3 hits, 0 errors, 1 left on base; Covington 11 - Kingsport 1 |
| BOTTOM OF THE 9TH |
|
Kingsport Cherokees batting - Pitching for Covington Blue Sox : LHP Edward Rech
|
|
Now at C: Angel Diaz
|
|
|
Now at 2B: Pride Evans
|
|
|
Batting: RHB Thomas Mohl
|
0-0: Ball 1-0: Ball 2-0: Fly out, F9 (Flyball, 89M, EV 85.0 MPH)
|
|
Batting: RHB David Rooker
|
0-0: Ball 1-0: Ball 2-0: SINGLE (Flyball, 9LS, EV 85.6 MPH)
|
|
Batting: RHB Juan Castillo
|
0-0: Ball 1-0: Ball 2-0: Ball 3-0: Swinging Strike 3-1: Base on Balls David Rooker to second
|
|
Batting: RHB Kenneth Grant
|
0-0: Foul Ball, location: 2F 0-1: Foul Ball, location: 2F 0-2: Strikes out swinging
|
|
Batting: RHB Jose Sanchez
|
0-0: Swinging Strike 0-1: Ball 1-1: Ground out U3 (Groundball, 34, EV 89.4 MPH)
|
| Bottom of the 9th over - 0 runs, 1 hit, 0 errors, 2 left on base; Covington 11 - Kingsport 1 |
|